 Dungeon Crawl Stone Soup version 0.29.1-2-gbd0b4ee654 (webtiles) character file.

Game seed: 7713588324736316305

5302 sanboga the Cleaver (level 10, -6/81 HPs)
             Began as a Demonspawn Berserker on Nov 28, 2022.
             Was an Elder of Trog.
             Mangled by an orc warrior
             ... wielding a +0 trident
              (10 damage)
             ... on level 9 of the Dungeon.
             The game lasted 00:11:29 (9630 turns).

sanboga the Cleaver (Demonspawn Berserker)          Turns: 9630, Time: 00:11:30

Health: -6/81      AC: 15    Str: 22    XL:     10   Next: 37%
Magic:  0/10       EV: 12    Int:  8    God:    Trog [****..]
Gold:   51         SH:  4    Dex: 13    Spells: 9/9 levels left

rFire   . . .      SeeInvis .   k - +0 broad axe
rCold   . . .      Faith    .   (no shield)
rNeg    . . .      Spirit   +   q - +0 chain mail
rPois   +          Reflect  .   (no helmet)
rElec   .          Harm     .   w - +0 cloak
rCorr   .          Rampage  .   (no gloves)
Will    .....                   f - +2 pair of boots
Stlth   ..........              (no amulet)
HPRegen 0.23/turn               d - +4 ring of evasion
MPRegen 0.24/turn               t - ring of poison resistance

@: on berserk cooldown, slowed, very slow
A: hooves 1, large bone plates 1, ignite blood 1, magic shield, magic
regeneration
a: Renounce Religion, Berserk, Trog's Hand, Brothers in Arms


You were on level 9 of the Dungeon.
You worshipped Trog.
Trog was greatly pleased with you.
You visited 1 branch of the dungeon, and saw 9 of its levels.
You also visited: Sewer.

You collected 389 gold pieces.
You spent 338 gold pieces at shops.

Inventory:

Hand Weapons
 k - a +0 broad axe (weapon)
 v - a +0 hand axe of freezing
Armour
 f - a +2 pair of boots (worn)
 q - a +0 chain mail (worn)
 w - a +0 cloak (worn)
Jewellery
 d - a +4 ring of evasion (left hand)
 t - a ring of poison resistance (right hand)
Wands
 b - a wand of polymorph (6)
 j - a wand of flame (57)
 s - a wand of light (8)
Scrolls
 g - 3 scrolls of enchant weapon
 l - a scroll of teleportation
 m - 2 scrolls of fear
 n - 2 scrolls of enchant armour
 o - a scroll of magic mapping
 p - a scroll of identify
 x - a scroll of blinking
Potions
 a - a potion of ambrosia
 c - a potion of flight
 e - 3 potions of might
 h - 4 potions of curing
 i - a potion of invisibility
 r - a potion of cancellation
 u - a potion of mutation
 z - a potion of heal wounds


   Skills:
 + Level 8.3 Fighting
 * Level 10.5 Axes
 + Level 7.3 Armour
 - Level 1.7 Dodging


You had 9 spell levels left.
You didn't know any spells.
Your spell library was empty.

Dungeon Overview and Level Annotations

Branches:
Dungeon (9/15)             Temple (0/1) D:6             Orc (0/2) D:9
  Sewer (visited)
   Lair: D:8-11

Altars:
Ashenzari
Makhleb
Qazlal

Shops:
D:2 :   D:3 (   D:6 (   D:7 *   D:8 ?


Innate Abilities, Weirdness & Mutations

You have large cloven feet.
You are partially covered in large bone plates. (SH +4)
Your demonic aura sometimes causes spilled blood to erupt in flames.
When hurt, damage is shared between your health and your magic reserves.
You regenerate magic rapidly.


Message History

The orc warrior hits you but does no damage.
An orc comes into view. It is wielding a +0 club.
You completely miss the orc.
The orc shouts!
The orc barely misses you.
The orc warrior hits you from afar with a +0 trident.
* * * LOW HITPOINT WARNING * * *
An orc priest comes into view. It is wielding a +0 trident.
The orc misses you.
Things that are here:
a +0 long sword; a +0 plate armour; an orc corpse You feel a strong urge to attack something.
You are no longer berserk.
You are exhausted.
You feel yourself slow down. The orc attacks as you move away!
The orc hits you but does no damage. The orc hits you but does no damage.
The orc warrior hits you from afar with a +0 trident.
* * * LOW HITPOINT WARNING * * *
The orc hits you but does no damage.
The orc warrior hits you but does no damage.
The orc closely misses you. The orc warrior closely misses you.
The orc barely misses you.
The orc warrior hits you from afar with a +0 trident!
* * * LOW HITPOINT WARNING * * *
Items here: )) [[.
The orc barely misses you.
The orc warrior hits you but does no damage.
The orc priest calls down the wrath of Beogh upon you.
Beogh smites you!
* * * LOW HITPOINT WARNING * * *
The orc attacks as you move away! The orc barely misses you.
The orc attacks as you move away! The orc hits you but does no damage.
You block the orc's attack.
The orc warrior hits you from afar with a +0 trident.
* * * LOW HITPOINT WARNING * * *
The orc attacks as you move away! The orc hits you but does no damage.
You block the orc's attack.
The orc warrior hits you from afar with a +0 trident!
You die...

8'8#####8'8##.......#††#########
.......)))...........††........#
#..)).).......#..##.........#
#..))...##### #...'.........#
###...o.# #..##.........#
#......# #.###.........#
##...o.# ####.# #.........#
##o.o.# #.#..# #.........#
#o##.# #.@..# ###########
#o##.####.o#+### #
#o##.##oo......#
###.###.##.o.o.......#
.........oo##..>.....#
.........))##........#
...........###########
..........## ..........#


You could see an orc warrior, an orc priest and 5 orcs.

Vanquished Creatures
  A two-headed ogre (D:9)
  Pikel (D:7)
  Sigmund (D:3)
  2 wyverns (D:9)
  A vampire (D:8)
  9 yaks
  2 sky beasts
  A black bear (D:6)
  An ogre (D:7)
  6 orc warriors (D:9)
  A centaur (D:8)
  5 bullfrogs
  2 scorpions
  A necrophage (D:6)
  5 wights (D:9)
  A howler monkey (D:6)
  A jelly (D:7)
  5 hounds
  2 orc priests
  3 iguanas
  4 orc wizards (D:8)
  3 gnolls (D:6)
  7 adders
  A river rat (D:5)
  A shadow imp (D:6)
  2 ufetubi
  2 worms
  23 orcs
  A bat (D:1)
  5 endoplasms
  12 giant cockroaches
  4 goblins
  9 hobgoblins
  4 kobolds
  8 quokkas
  8 ball pythons
  8 frilled lizards
  10 rats
163 creatures vanquished.

Vanquished Creatures (others)
  2 plants (D:3)
2 creatures vanquished.

Grand Total: 165 creatures vanquished

Notes
Turn   | Place    | Note
-------+----------+-------------------------------------------
     0 | D:1      | sanboga the Demonspawn Berserker began the quest for the
                  | Orb.
     0 | D:1      | Reached XP level 1. HP: 18/18 MP: 1/1
   176 | D:1      | Reached skill level 3 in Axes
   210 | D:1      | Gained mutation: You are partially covered in large bone
                  | plates. (SH +4) [demonic ancestry]
   210 | D:1      | Reached XP level 2. HP: 20/24 MP: 2/2
   684 | D:1      | Reached ** piety under Trog
  1217 | D:2      | Found Quuleoh's Book Boutique.
  1362 | D:2      | Gained mutation: You regenerate magic rapidly. [demonic
                  | ancestry]
  1362 | D:2      | Reached XP level 3. HP: 27/29 MP: 3/3
  1565 | D:2      | Found a faded altar of an unknown god.
  1565 | D:2      | You fall into a shaft and drop 2 floors!
  1768 | D:4      | Gained mutation: Your demonic aura sometimes causes spilled
                  | blood to erupt in flames. [demonic ancestry]
  1768 | D:4      | Reached XP level 4. HP: 35/35 MP: 4/4
  2525 | D:3      | Reached skill level 4 in Axes
  2530 | D:3      | Gained mutation: When hurt, damage is shared between your
                  | health and your magic reserves. [demonic ancestry]
  2530 | D:3      | Reached XP level 5. HP: 36/42 MP: 5/5
  2696 | D:3      | Found a broken altar of Ashenzari.
  2705 | D:3      | Noticed Sigmund
  2720 | D:3      | Killed Sigmund
  2721 | D:3      | Reached XP level 6. HP: 48/48 MP: 4/6
  2887 | D:3      | Found Leirietra's Antique Weapon Shoppe.
  3115 | D:4      | Reached skill level 5 in Axes
  3887 | D:5      | Entered Level 5 of the Dungeon
  3918 | D:5      | Reached *** piety under Trog
  3930 | D:5      | Found a glowing drain.
  3936 | Sewer    | Entered a sewer
  4160 | Sewer    | Gained mutation: You have large cloven feet. [demonic
                  | ancestry]
  4160 | Sewer    | Reached XP level 7. HP: 27/55 MP: 5/7
  4470 | D:5      | Reached skill level 5 in Fighting
  4617 | D:5      | Reached skill level 6 in Axes
  5355 | D:6      | Found Rayqiusu's Weapon Shop.
  5850 | D:6      | Found a staircase to the Ecumenical Temple.
  6093 | D:6      | Reached XP level 8. HP: 63/63 MP: 8/8
  6859 | D:7      | Reached skill level 7 in Axes
  6862 | D:7      | Found Lakhloedd's Assorted Antiques.
  6871 | D:7      | Bought a scroll of identify for 40 gold pieces
  6871 | D:7      | Bought a sedimented pink potion for 18 gold pieces
  6871 | D:7      | Bought a pair of runed boots for 150 gold pieces
  6871 | D:7      | Bought a blue potion for 18 gold pieces
  6897 | D:7      | Found a burning altar of Makhleb.
  6899 | D:7      | Noticed an angel
  6900 | D:7      | Noticed a blizzard demon
  7031 | D:7      | Found a stormy altar of Qazlal.
  7372 | D:7      | Reached skill level 5 in Armour
  7431 | D:7      | Noticed Pikel
  7440 | D:7      | Killed Pikel
  7972 | D:8      | Reached skill level 8 in Axes
  8003 | D:8      | Reached XP level 9. HP: 51/71 MP: 7/9
  8319 | D:8      | Reached **** piety under Trog
  8644 | D:8      | Found Pestrufu's Magic Scroll Shop.
  8650 | D:8      | Bought a scroll of vulnerability for 56 gold pieces
  8650 | D:8      | Bought a scroll of poison for 56 gold pieces
  8743 | D:8      | Reached skill level 9 in Axes
  9075 | D:9      | Noticed a two-headed ogre
  9085 | D:9      | Killed a two-headed ogre
  9315 | D:9      | Reached XP level 10. HP: 53/80 MP: 5/10
  9318 | D:9      | Reached skill level 10 in Axes
  9596 | D:9      | Found a staircase to the Orcish Mines.
  9625 | D:9      | HP: 4/81 [orc priest/divine providence (11)]
  9630 | D:9      | Mangled by an orc warrior

Illustrated notes

Levels and vault maps discovered:
D:1:      erik_arrival_blinker_ship, layout_loops_ring
D:2:      layout_loops_ring, dilly_ecumenical_altar_fadedgnrine, serial_shops,
          shop, minivault_11
D:3:      layout_rooms, mainiacjoe_overflow_24_doors, serial_shops,
          nicolae_shop_overgrown_old_shop, uniq_sigmund
D:4:      layout_loops_ring, grunt_ministairs_8
D:5:      layout_loops_ring, gup_sewer_entry_bowl, kennysheep_path_1
D:6:      layout_loops_corners, minmay_temple_entry_proselytizer, serial_shops,
          shop_statue, serial_co_window_serial, co_window_of_opportunity_a,
          co_window_corner_a, co_window_paths_a, co_window_corner_a,
          co_window_corner_a, co_window_unsneaky_path_c, co_window_corner_b,
          co_window_corner_cb, co_window_4corner_a, co_window_paths_e,
          patterned_corridor
D:7:      layout_cave_pods, grunt_temple_overflow_order_and_chaos_2,
          gammafunk_temple_overflow_statue, serial_shops, shop_fountains,
          serial_column_ruins, column_ruins_square_huge, column_ruins_hut,
          column_ruins_open_tiny, column_ruins_columns_straight,
          column_ruins_open_tiny, column_ruins_columns_straight,
          column_ruins_open_small, column_ruins_corridor_dead_end,
          column_ruins_open_tiny, minmay_misc_feat_plants,
          kennysheep_generic_room_5, uniq_pikel
D:8:      layout_cave_pools, serial_shops, nicolae_shop_stone, nzn_life_drinkers
D:9:      layout_basic, david_orc_5, blue_anna_alchemist

Skill      XL: |  1  2  3  4  5  6  7  8  9 10 |
---------------+-------------------------------+-----
Axes           | 3 4 5 6 8 9 10 | 10.5
Armour         | 2 3 4 5 6 7 |  7.3
Fighting       | 4 5 6 7 8 |  8.3
Dodging        | |  1.7

Action                   |  1- 3 |  4- 6 |  7- 9 | 10-12 || total
-------------------------+-------+-------+-------+-------++-------
Melee: Hand axe          |   110 |   222 |   233 |       ||   565
       Punch             |     1 |     5 |     4 |       ||    10
       Kick              |       |       |    31 |       ||    31
       Broad axe         |       |       |    32 |    33 ||    65
Invok: Berserk           |       |     2 |     1 |     2 ||     5
  Use: Scroll            |       |     7 |    14 |       ||    21
 Stab: Sleeping          |     3 |     2 |       |       ||     5
Armor: Animal skin       |     4 |       |       |       ||     4
       Chain mail        |       |    58 |   116 |    22 ||   196
Dodge: Dodged            |    69 |   113 |   122 |    31 ||   335
Block: Other             |    18 |    38 |    38 |    11 ||   105
